 Dungeon Crawl Stone Soup version 0.20.0-8-g6b59dc7 (webtiles) character file.

168 tof the Twirler (level 5, 0/45 HPs)
             Began as a Minotaur Gladiator on June 2, 2017.
             Slain by galech's ghost (19 damage)
             ... on level 3 of the Dungeon.
             The game lasted 00:03:16 (2369 turns).

tof the Twirler (Minotaur Gladiator)                Turns: 2369, Time: 00:03:17

Health: 0/45       AC:  3    Str: 19    XL:     5   Next: 23%
Magic:  4/4        EV: 13    Int:  8    God:
Gold:   151        SH:  0    Dex: 12    Spells: 4/4 levels left

rFire    . . .     SeeInvis .   a - +0 quarterstaff
rCold    . . .     Gourm    .   (shield currently unavailable)
rNeg     . . .     Faith    .   b - +0 leather armour
rPois    .         Spirit   .   c - +0 hat
rElec    .         Reflect  .   (no cloak)
rCorr    .         Harm     .   (no gloves)
MR       .....                  (no boots)
Stlth    +.........             (no amulet)
Regen    0.2/turn               o - +3 ring of intelligence
MPRegen  0.1/turn               (no ring)

@: no status effects
A: retaliatory headbutt, horns 2
a: no special abilities


You were on level 3 of the Dungeon.
You were not hungry.

You visited 1 branch of the dungeon, and saw 3 of its levels.

You collected 151 gold pieces.

Inventory:

Hand Weapons
 a - a +0 quarterstaff (weapon)
Missiles
 d - 3 throwing nets (quivered)
 u - 15 poisoned needles
Armour
 b - a +0 leather armour (worn)
 c - a +0 hat (worn)
Jewellery
 o - a +3 ring of intelligence (left hand)
Scrolls
 j - a scroll of enchant armour {unknown}
 k - a scroll of teleportation {unknown}
 m - 2 scrolls of magic mapping {unknown}
 q - a scroll of identify
 r - a scroll of fog {unknown}
 s - a scroll of enchant weapon
 t - a scroll of recharging {unknown}
Potions
 e - a potion of agility {unknown}
 h - a potion of mutation {unknown}
 i - 5 potions of curing {unknown}
 l - a potion of might {unknown}
 p - a potion of brilliance {unknown}
Comestibles
 f - 2 bread rations
 g - 4 meat rations
 n - 2 fruits
 v - a chunk of flesh


   Skills:
 + Level 3.3 Fighting
 * Level 5.0 Staves
 + Level 2.6 Throwing
 * Level 3.1 Armour
 + Level 3.7 Dodging


You had 4 spell levels left.
You didn't know any spells.

Dungeon Overview and Level Annotations

Branches:
Dungeon (3/15)

Altars:

Annotations:
D:3 galech's ghost, amateur TrMo


Innate Abilities, Weirdness & Mutations

You reflexively headbutt those who attack you in melee.
You have a pair of horns on your head.


Message History

Level annotation: galech's ghost, amateur TrMo Galech's ghost hits you.
Galech's ghost misses you.
There is a stone staircase leading up, spattered with blood here.
You sock galech's ghost!
Galech's ghost is moderately damaged.
Galech's ghost hits you!
You closely miss galech's ghost. Your headbutt misses galech's ghost.
Galech's ghost is moderately damaged.
Galech's ghost hits you!
You are too injured to fight recklessly!
You are too injured to fight recklessly!
You are too injured to fight recklessly!
You are too injured to fight recklessly!
You are too injured to fight recklessly!
You are too injured to fight recklessly!
You are too injured to fight recklessly!
You hit galech's ghost.
Galech's ghost is moderately damaged.
Galech's ghost hits you!!
You die...

#.......# ########.#### ###
#......#.# #.#
########......#.#### ###.#
...........W.......###...########
########......#..).....#.#......#
#......#.##..##.#.#.......
#......#.##.)##.#....#.#..
#|.....#W@..)(....##.#....
#......#.#....######.#.#..
########......######......
#.......##.##.#.##.
#.#......#.####.##.
#.#........####.##.
###############........#.#.......
................................>
####........####....#..#......##.


You could see galech's ghost.

Vanquished Creatures
  An ogre (D:3)
  2 adders (D:2)
  3 oozes
  A worm (D:2)
  A dart slug (D:1)
  2 leopard geckos (D:1)
  3 orcs (D:3)
  A ball python (D:2)
  2 giant cockroaches
  3 goblins
  6 hobgoblins
  3 kobolds
  7 bats
  5 frilled lizards
  7 rats
47 creatures vanquished.

Notes
Turn   | Place    | Note
-------+----------+-------------------------------------------
     0 | D:1      | tof the Minotaur Gladiator began the quest for the Orb.
     0 | D:1      | Reached XP level 1. HP: 18/18 MP: 0/0
   508 | D:1      | Reached XP level 2. HP: 21/25 MP: 1/1
   512 | D:1      | Reached skill level 4 in Staves
   524 | D:1      | Reached skill level 1 in Armour
   909 | D:2      | Reached XP level 3. HP: 30/30 MP: 2/2
  1285 | D:2      | Reached XP level 4. HP: 35/37 MP: 3/3
  1759 | D:3      | Noticed an ogre
  1767 | D:3      | Killed an ogre
  1767 | D:3      | Reached skill level 5 in Staves
  1767 | D:3      | Reached XP level 5. HP: 45/45 MP: 4/4
  2052 | D:3      | Noticed galech's ghost (amateur TrMo)
  2369 | D:3      | Slain by galech's ghost

Skill      XL: |  1  2  3  4 |
---------------+-------------+-----
Staves         | 4 5 |  5.0
Armour         | 1 2 3 |  3.1
Fighting       | 3 |  3.3
Throwing       | |  2.6
Dodging        | |  3.7

Action                   |  1- 3 |  4- 6 || total
-------------------------+-------+-------++-------
Melee: Quarterstaff      |    59 |    38 ||    97
       Headbutt          |     7 |     6 ||    13
Throw: Throwing net      |       |     1 ||     1
  Use: Scroll            |       |     7 ||     7
  Eat: Chunk             |     1 |     1 ||     2
       Bread ration      |       |     1 ||     1
Armor: Leather armour    |    14 |     4 ||    18
Dodge: Dodged            |    45 |    33 ||    78
